 Dungeon Crawl Stone Soup version 0.31.0-12-g77e489cdc1 (webtiles) character file.

Game seed: 15721914396894584574

1731856 Zeo the Merry Frog (level 27, 249/249 HPs)
             Began as a Barachi Hunter on Mar 1, 2024.
             Was the Champion of Hepliaklqana.
             Escaped with the Orb
             ... and 4 runes on Mar 2, 2024!
             The game lasted 07:56:36 (130704 turns).

Zeo the Merry Frog (Barachi Hunter)               Turns: 130704, Time: 07:56:37

Health: 249/249    AC: 44    Str: 16    XL:     27
Magic:  23/23      EV: 28    Int: 11    God:    Hepliaklqana [******]
Gold:   6414       SH:  0    Dex: 29    Spells: 26/26 levels left

rFire   + + +        d - +27 heavy crossbow "Sniper" {heavy, Acc+∞ SInv}
rCold   + . .        (shield currently unavailable)
rNeg    + . .        f - +7 shadow dragon scales
rPois   .            o - +2 hood of the Assassin {Detect Stab+ Stlth++}
rElec   +            K - +2 cloak of the Thief {*Fog Slay-2 SInv Stlth+}
rCorr   .            J - +0 pair of gloves "Bedghini" {Will++}
SInv    +            y - +2 pair of boots {rampage}
Will    +++++        M - amulet "Couc" {Acrobat +Blink rF+++ Regen+ Dex-4}
Stlth   ++           E - ring of Knowledge {+Blink rElec Str+3 Slay+4}
HPRegen 1.41/turn    v - ring "Voikull" {rC+ rN+ Will+ Dex+5}
MPRegen 0.18/turn

%: random rage (3%), acrobat, rampage
@: studying Axes, slow
A: reduced essence, amphibious, slowness 1, strong legs 2, +LOS, horns 1, talons
1, berserk 1, robust 1, screaming 1, inhibited regeneration, persistent drain
0: Orb of Zot
}: 4/15 runes: serpentine, barnacled, slimy, silver
a: Hop, Renounce Religion, Evoke Blink, Recall Ancestor, Ancestor Identity,
Transference, Idealise


You escaped.
You worshipped Hepliaklqana.
Hepliaklqana was exalted by your worship.
You visited 14 branches of the dungeon, and saw 58 of its levels.
You visited the Abyss 2 times.
You also visited: Ice Cave.

You collected 10573 gold pieces.
You spent 4159 gold pieces at shops.

Inventory:

Hand Weapons
 b - a +9 triple crossbow of freezing
 d - the +27 heavy crossbow "Sniper" (weapon) {heavy, Acc+∞ SInv}
   (You found it on level 3 of the Elven Halls)

   Acc+∞: It never misses its target.
   SInv:      It lets you see invisible.
Missiles
 p - 10 darts of dispersal (quivered)
Armour
 f - +7 shadow dragon scales (worn)
 o - the +2 hood of the Assassin (worn) {Detect Stab+ Stlth++}
   (You bought it in a shop on level 1 of the Snake Pit)

   Detect:    It allows the wearer to sense nearby creatures.
   Stab+:     It allows the wearer to make particularly effective stabbing
   attacks against helpless or unaware enemies with any weapon.
   Stlth++:   It makes you much more stealthy.
 y - a +2 pair of boots of rampaging (worn)
 J - the +0 pair of gloves "Bedghini" (worn) {Will++}
   (You found it on level 4 of the Vaults)

   Will++:    It greatly increases your willpower.
 K - the +2 cloak of the Thief (worn) {*Fog Slay-2 SInv Stlth+}
   (You found it on level 15 of the Dungeon)

   *Fog:      It may release a thick cloud of smoke when the wearer is hurt.
   Slay-2:    It affects your accuracy & damage with ranged weapons and melee
   (-2).
   SInv:      It lets you see invisible.
   Stlth+:    It makes you more stealthy.
Jewellery
 h - a ring of flight
 l - a +5 ring of evasion
 v - the ring "Voikull" (right hand) {rC+ rN+ Will+ Dex+5}
   (You took it off a necromancer on level 3 of the Crypt)

   [ring of positive energy]

   Dex+5:     It affects your dexterity (+5).
   rC+:       It protects you from cold.
   rN+:       It protects you from negative energy.
   Will+:     It increases your willpower.
 E - the ring of Knowledge (left hand) {+Blink rElec Str+3 Slay+4}
   (You found it on level 5 of the Pits of Slime)

   [ring of slaying]

   Str+3:     It affects your strength (+3).
   Slay+4:    It affects your accuracy & damage with ranged weapons and melee
   (+4).
   rElec:     It insulates you from electricity.
   +Blink:    It lets you blink.
 M - the amulet "Couc" (around neck) {Acrobat +Blink rF+++ Regen+ Dex-4}
   (You found it on level 1 of the Snake Pit)

   [amulet of the acrobat]

   Acrobat:   It increases your evasion while moving and waiting.
   Dex-4:     It affects your dexterity (-4).
   rF+++:     It renders you almost immune to fire.
   +Blink:    It lets you blink.
   Regen+:    It increases your rate of health regeneration.
 Z - the amulet of Knowledge {Reflect rCorr SH+5}
   (You found it on level 2 of the Depths)

   [amulet of reflection]

   Reflect:   It reflects blocked missile attacks.
   rCorr:     It protects you from acid and corrosion.
   SH+5:      It affects your SH (+5).
Wands
 w - a wand of polymorph (52)
 H - a wand of iceblast (45)
 I - a wand of flame (145)
 S - a wand of digging (35)
 U - a wand of mindburst (22)
 V - a wand of charming (55)
 W - a wand of light (42)
Scrolls
 a - 9 scrolls of immolation
 u - 5 scrolls of noise
 x - 3 scrolls of poison
 z - 4 scrolls of butterflies
 A - 2 scrolls of blinking
 B - 7 scrolls of fog
 D - 17 scrolls of teleportation
 F - 6 scrolls of fear
 L - 4 scrolls of silence
 R - 6 scrolls of vulnerability
 Y - 8 scrolls of revelation
Potions
 c - 5 potions of haste
 e - 8 potions of might
 g - 31 potions of curing
 k - a potion of brilliance
 q - 18 potions of heal wounds
 r - 3 potions of cancellation
 t - 5 potions of invisibility
 O - 7 potions of ambrosia
 P - 4 potions of resistance
Miscellaneous
 i - a lightning rod (4/4)
 j - the horn of Geryon
 m - a phial of floods
 n - a box of beasts
 s - a phantom mirror
 G - a condenser vane


   Skills:
 O Level 27 Fighting
 O Level 27 Ranged Weapons
 + Level 1.3 Throwing
 O Level 27 Armour
 O Level 27 Dodging
 - Level 0.8 Stealth
 * Level 20.0 Shields
 * Level 20.4 Evocations


You had 26 spell levels left.
You didn't know any spells.
Your spell library contained the following spells:

 Spells                   Type           Power      Damage    Failure   Level
 Foxfire                  Conj/Fire      0%         2x1d4     75%         1
 Freeze                   Ice            0%         1d3       75%         1
 Kiss of Death            Conj/Necr      0%         2d5       75%         1
 Magic Dart               Conj           0%         1d3       75%         1
 Necrotise                Necr           0%         1d4       75%         1
 Shock                    Conj/Air       0%         1d3       75%         1
 Slow                     Hex            0%         N/A       75%         1
 Summon Small Mammal      Summ           0%         N/A       75%         1
 Blink                    Tloc           0%         N/A       87%         2
 Cigotuvi's Dreadful Rot  Necr/Alch/Air  0%         N/A       87%         2
 Ensorcelled Hibernation  Hex/Ice        0%         N/A       87%         2
 Jinxbite                 Hex            0%         N/A       87%         2
 Lesser Beckoning         Tloc           0%         N/A       87%         2
 Mercury Vapours          Alch/Air       0%         N/A       87%         2
 Momentum Strike          Conj/Tloc      0%         3d8       87%         2
 Searing Ray              Conj           0%         2d4       87%         2
 Sublimation of Blood     Necr           0%         N/A       87%         2
 Call Canine Familiar     Summ           0%         N/A       98%         3
 Confusing Touch          Hex            0%         N/A       98%         3
 Fugue of the Fallen      Necr           0%         N/A       98%         3
 Gell's Gravitas          Tloc           0%         N/A       98%         3
 Hailstorm                Conj/Ice       0%         3d5       98%         3
 Inner Flame              Hex/Fire       0%         N/A       98%         3
 Ozocubu's Armour         Ice            0%         N/A       98%         3
 Passwall                 Erth           0%         N/A       98%         3
 Sigil of Binding         Hex            0%         N/A       98%         3
 Summon Ice Beast         Ice/Summ       0%         N/A       98%         3
 Swiftness                Air            0%         N/A       98%         3
 Teleport Other           Tloc           0%         N/A       98%         3
 Tukima's Dance           Hex            0%         N/A       98%         3
 Vampiric Draining        Necr           0%         2d6       98%         3
 Volatile Blastmotes      Fire/Tloc      0%         2d10      98%         3
 Anguish                  Hex/Necr       0%         N/A       100%        4
 Animate Armour           Summ/Erth      0%         N/A       100%        4
 Animate Dead             Necr           0%         N/A       100%        4
 Cause Fear               Hex            0%         N/A       100%        4
 Dimensional Bullseye     Hex/Tloc       0%         N/A       100%        4
 Flame Wave               Conj/Fire      0%         2d4       100%        4
 Fulminant Prism          Conj/Alch      0%         3d5       100%        4
 Ignite Poison            Fire/Alch      0%         N/A       100%        4
 Iskenderun's Mystic Bla  Conj/Tloc      0%         2d3       100%        4
 Manifold Assault         Tloc           0%         N/A       100%        4
 Martyr's Knell           Necr/Summ      0%         N/A       100%        4
 Passage of Golubria      Tloc           0%         N/A       100%        4
 Petrify                  Alch/Erth      0%         N/A       100%        4
 Sticky Flame             Fire/Alch      0%         2d4       100%        4
 Summon Blazeheart Golem  Fire/Summ      0%         N/A       100%        4
 Alistair's Intoxication  Alch           0%         N/A       100%        5
 Borgnjor's Vile Clutch   Necr/Erth      0%         N/A       100%        5
 Curse of Agony           Necr           0%         N/A       100%        5
 Fireball                 Conj/Fire      0%         3d3       100%        5
 Freezing Cloud           Conj/Ice/Air   0%         6-21      100%        5
 Irradiate                Conj/Alch      0%         3d11      100%        5
 Silence                  Hex/Air        0%         N/A       100%        5
 Summon Forest            Summ/Tloc      0%         N/A       100%        5
 Summon Mana Viper        Hex/Summ       0%         N/A       100%        5
 Yara's Violent Unravell  Hex/Alch       0%         3d3       100%        5
 Bombard                  Conj/Erth      0%         9d1       100%        6
 Conjure Ball Lightning   Conj/Air       0%         3x3d6     100%        6
 Death Channel            Necr           0%         N/A       100%        6
 Dispersal                Tloc           0%         N/A       100%        6
 Eringya's Noxious Bog    Alch           0%         4d6       100%        6
 Plasma Beam              Fire/Air       0%         2x1d10    100%        6
 Sculpt Simulacrum        Ice/Alch       0%         N/A       100%        6
 Starburst                Conj/Fire      0%         6d3       100%        6
 Summon Cactus Giant      Summ           0%         N/A       100%        6
 Enfeeble                 Hex            0%         N/A       100%        7
 Malign Gateway           Summ/Tloc      0%         N/A       100%        7
 Orb of Destruction       Conj           0%         9d5       100%        7
 Spellforged Servitor     Conj/Summ      0%         N/A       100%        7
 Discord                  Hex            0%         N/A       100%        8
 Disjunction              Tloc           0%         N/A       100%        8
 Ignition                 Fire           0%         3d3       100%        8
 Maxwell's Capacitive Co  Air            0%         ∞         100%        8
 Death's Door             Necr           0%         N/A       100%        9
 Dragon's Call            Summ           0%         N/A       100%        9


Dungeon Overview and Level Annotations

Branches:
Dungeon (15/15)            Temple (1/1) D:7            Lair (5/5) D:11
 Shoals (4/4) Lair:2        Snake (4/4) Lair:3        Slime (5/5) Lair:4
    Orc (2/2) D:9             Elf (3/3) Orc:2        Vaults (5/5) D:14
  Crypt (3/3) Vaults:2       Tomb (0/3) Crypt:3      Depths (4/4) D:15
   Hell (visited)             Dis (0/7) Hell            Geh (1/7) Hell
    Coc (0/7) Hell            Tar (0/7) Hell            Zot (5/5) Depths:4
  IceCv (visited)

Altars:
Ashenzari
Cheibriados
Dithmenos
Elyvilon
Fedhas
Gozag
Hepliaklqana
Kikubaaqudgha
Makhleb
Nemelex Xobeh
Okawaru
Qazlal
Ru
Sif Muna
Trog
Uskayaw
Vehumet
Wu Jian
Xom
Yredelemnul
Zin
The Shining One
Jiyva
Lugonu

Shops:
D:6 =   D:7 [   Orc:1 *   Orc:2 *=:*   Elf:3 [=[*   Shoals:3 (   Shoals:4 *
Snake:1 =?[(   Depths:1 =:=

Portals:
Hell: Depths:1 Depths:2 Depths:3 Depths:4
Abyss: Depths:3
Pandemonium: Depths:2
Ziggurat: Depths:3

Annotations:
Zot:1 1 transporter
Zot:3 2 transporters, Hicanoach's ghost, master DsGl


Innate Abilities, Weirdness & Mutations

Your life essence is reduced to manifest your ancestor. (-10% HP)
You are amphibious.
You cover ground slowly.
You can hop long distances.
You have an extended range of vision and can be seen from far away.
You have a pair of small horns on your head.
You have sharp toenails.
You sometimes lose your temper in combat.
You are robust. (+10% HP)
You occasionally shout uncontrollably at your foes.
You do not regenerate when monsters are visible.
Your health recovers twice as slowly from being drained.


Message History

You shoot a bolt. The bolt hits the Tzitzimitl!!!!
The Tzitzimitl is severely wounded.
Fire: d) +27 heavy crossbow "Sniper" {heavy, Acc+∞ SInv}
Press: ? - help, Shift-Dir - straight line, f/p - Tzitzimitl
Aim: a Tzitzimitl (severely wounded, ally target, 100% to hit)
You shoot a bolt. The bolt hits the Tzitzimitl!!
You kill the Tzitzimitl!
What level of the Dungeon? (default 1, ? - help)
An Ice Fiend comes into view.
Fire: d) +27 heavy crossbow "Sniper" {heavy, Acc+∞ SInv}
Press: ? - help, Shift-Dir - straight line, f - Ice Fiend
Aim: an Ice Fiend (100% to hit)
You shoot a bolt. The bolt hits the Ice Fiend.
The Ice Fiend is lightly wounded.
Fire: d) +27 heavy crossbow "Sniper" {heavy, Acc+∞ SInv}
Press: ? - help, Shift-Dir - straight line, f/p - Ice Fiend
Aim: an Ice Fiend (lightly wounded, ally target, 100% to hit)
You shoot a bolt. The bolt hits the Ice Fiend!!!
The Ice Fiend is severely wounded.
Cashile barely misses the Ice Fiend.
The Ice Fiend claws Cashile.
The Ice Fiend freezes Cashile!
Cashile resists.
Cashile blocks the Ice Fiend's attack.
Cashile casts a spell.
Cashile seems to speed up.
Fire: d) +27 heavy crossbow "Sniper" {heavy, Acc+∞ SInv}
Press: ? - help, Shift-Dir - straight line, f/p - Ice Fiend
Aim: an Ice Fiend (severely wounded, ally target, 100% to hit)
You shoot a bolt. The bolt hits the Ice Fiend!!!!
You kill the Ice Fiend!
Your Shields skill increases to level 20!
What level of the Dungeon? (default 1, ? - help) Ancestor HP restored.
You enter the deep water.
There is an open door here.
You sense a monster nearby.
There is an open door here.
There is a staircase leading out of the dungeon here.
Cashile is no longer moving quickly.
You have escaped!

.# ##............................
.# #...###.......................
.###...# #.......................
.#.....# #.......................
.#.....######.#...#..............
.#.....)#####.#...#...########...
##............≈≈≈≈≈≈≈≈≈≈≈≈≈≈≈#.##
.#.#'#########≈####≈≈≈≈≈####≈#.#
.#.#.........#≈#@.#######.⌠#≈#.#
.#.######....#≈#.R'.....+..#≈#.#
.#...........#≈##'###'###'##≈#.#
.#............≈≈#.#.....#.#≈≈#.#
..............≈≈#.#..#..#.#≈≈#.#
#...##+##.....≈R#.#..#..#.#≈≈#.#
###.##.#...#....'.+.8#8.'.'....#
.....#.....+.#≈≈#.#..#..#.#≈≈#.#
......##...###≈≈#.#..#..#.#≈≈#.#


You could see the friendly Cashile the knight (reflecting).

Vanquished Creatures
  the Royal Jelly (Slime:5)
  A seraph (D:15)
  A dread lich (Zot:5)
  10 ancient liches
  2 orbs of fire (Zot:5)
  Mara (Depths:2)
  A juggernaut (Depths:3)
  Josephina (Zot:3)
  2 Killer Klowns (Zot:5)
  Vv (Depths:2)
  Sojobo (Depths:2)
  Bai Suzhen (Depths:1)
  Vashnia (Snake:4)
  3 curse toes
  2 pandemonium lords
  2 caustic shrikes
  11 golden dragons
  Geryon (Hell)
  A Brimstone Fiend (Vaults:4)
  2 doom hounds (Depths:3)
  The ghost of bairyn the Warrior, an adept OnFE of Sif Muna (Shoals:3)
  A Tzitzimitl (D:1)
  4 electric golems
  The ghost of bronco the Metamorph, an adept TrMo (Vaults:4)
  Jorgrun (Shoals:2)
  The ghost of Lianjan the Warrior, an adept MiGl of Gozag (Shoals:3)
  The ghost of Meod the Warrior, an adept MiBe of Trog (Shoals:3)
  The ghost of Xafer the Impaler, an adept DsGl of Okawaru (Vaults:3)
  24 Orb Guardians (Zot:5)
  2 Ice Fiends
  A Hell Sentinel (Depths:3)
  3 deep elf blademasters
  5 liches
  Grunn (Depths:3)
  Mlioglotl (Shoals:4)
  10 tentacled monstrosities
  2 shard shrike skeletons
  4 titans (Vaults:5)
  24 acid blobs
  2 deep elf master archers (Elf:3)
  A walking frostbound tome (Depths:2)
  6 quicksilver dragons
  A searing wretch (Geh:1)
  6 sphinxes
  A kraken (Shoals:4)
  The ghost of cdecastro the Fencer, an adept DrSh of Lugonu (Snake:4)
  2 Executioners
  Polyphemus (Shoals:1)
  10 death cobs
  13 shadow dragons
  4 ancient champions
  The ghost of Xoedokom the Brawler, an adept TrMo of Nemelex Xobeh (Depths:1)
  Donald (Shoals:4)
  11 azure jellies
  8 storm dragons
  3 draconian monks (Zot:2)
  8 rockslimes
  Roxanne (Elf:3)
  18 nagarajas
  5 tengu reavers
  10 fire giants
  Ilsuiw (Shoals:2)
  11 frost giants
  3 draconian shifters
  3 draconian knights
  5 protean progenitors
  2 revenants
  5 draconian scorchers
  The ghost of Wecaes the Arsonist, a journeyman HOFE of Okawaru (Shoals:3)
  A ghost moth (Zot:4)
  3 iron dragons
  21 vault wardens
  An angel (D:15)
  A juggernaut zombie (Crypt:1)
  2 curse skulls (Crypt:3)
  A draconian stormcaller (Zot:4)
  2 orc warlords
  5 deep elf sorcerers
  12 quicksilver oozes
  A spriggan defender (Depths:2)
  8 draconian annihilators
  10 ironbound preservers
  3 deep elf elementalists (Elf:3)
  2 ghouls (Crypt:2)
  9 formless jellyfish
  9 very ugly things
  25 stone giants
  13 reapers
  6 vampire knights
  8 ironbound thunderhulks
  2 deep elf demonologists (Elf:3)
  3 green draconians
  Nessos (D:15)
  A putrid mouth (Depths:2)
  18 yellow draconians
  9 deep elf death magi
  14 black draconians
  7 dire elephants
  6 war gargoyles
  4 deep elf annihilators (Elf:3)
  9 purple draconians
  9 white draconians
  A demonspawn black sun (D:15)
  4 spark wasps
  15 red draconians
  4 merfolk javelineers
  10 eidola
  2 blizzard demons
  A mummy priest (Crypt:3)
  2 jiangshi (Crypt:2)
  10 merfolk impalers
  3 crystal guardians
  12 ettins
  A green death (Depths:2)
  16 yaktaur captains
  12 fire dragons
  4 spriggan zombies
  6 deep elf high priests
  2 entropy weavers
  7 great orbs of eyes
  5 peacekeepers
  4 salamander tyrants (Snake:4)
  41 vault guards
  The ghost of Gadfly the Demon Slayer, a journeyman AtFi of the Shining One (D:13)
  14 ice dragons
  A quicksilver dragon skeleton (Crypt:3)
  A fenstrider witch skeleton (Crypt:1)
  5 hydras
  3 rakshasas
  5 ironbound frosthearts
  7 boulder beetles
  2 catoblepae
  9 anacondas
  5 merfolk avatars
  4 death knights
  3 spriggan air magi
  6 ogre magi
  4 satyrs
  2 alligator snapping turtles
  15 centaur warriors
  9 merfolk aquamancers
  13 death yaks
  26 dancing weapons
  7 hell hogs
  11 deep troll shamans
  14 naga sharpshooters
  4 spriggan skeletons
  11 deep troll earth magi
  2 titan zombies (Crypt:3)
  A torpor snail (shapeshifter) (Vaults:5)
  20 naga warriors
  15 two-headed ogres
  Urug (Lair:2)
  3 orc high priests
  9 tengu warriors
  A demonic crawler (Abyss:2)
  6 vampire magi
  25 deep elf knights
  A titan skeleton (Crypt:3)
  2 occultists
  Nergalle (D:10)
  40 hell knights
  15 soul eaters
  A spriggan berserker (Depths:1)
  2 thrashing horrors (Abyss:2)
  11 sun demons
  2 shock serpents
  12 sea snakes
  A sea snake (shapeshifter) (Vaults:5)
  A salamander mystic (Snake:1)
  2 sixfirhies
  8 iron trolls
  A shadow wraith (Hell)
  16 skeletal warriors
  A cherub (D:15)
  3 glowing orange brains
  5 skysharks
  A bunyip skeleton (Crypt:2)
  An anaconda zombie (Hell)
  2 deep trolls (shapeshifter)
  2 shadow demons
  9 mana vipers
  7 arcanists
  An orange crystal statue (Zot:5)
  26 deep trolls
  7 flayed ghosts
  A kraken simulacrum (Hell)
  29 necromancers
  7 naga ritualists
  3 orc knights
  19 ironbound convokers
  A snapping turtle (shapeshifter) (Vaults:5)
  A steelbarb worm (shapeshifter) (D:15)
  13 lindwurms
  12 deep elf archers
  13 phantasmal warriors
  2 harpies (shapeshifter)
  18 harpies
  7 wolf spiders
  22 deep elf pyromancers
  14 manticores
  5 starcursed masses
  31 ugly things
  21 deep elf zephyrmancers
  4 orc sorcerers
  11 salamanders
  13 shining eyes
  A stone giant zombie (Crypt:3)
  21 fauns
  A tengu skeleton (Crypt:3)
  A salamander (shapeshifter) (Abyss:2)
  9 cyclopes
  3 oklob plants
  2 fauns (shapeshifter)
  2 worldbinders (Abyss:2)
  17 moths of wrath
  6 elephants
  A formless jellyfish zombie (Crypt:2)
  11 merfolk sirens
  3 meliai (D:13)
  A moth of wrath (shapeshifter) (Depths:1)
  16 vault sentinels
  2 meliai (shapeshifter)
  A fire giant skeleton (Crypt:2)
  An alligator skeleton (Crypt:1)
  4 guardian serpents
  2 torpor snails
  2 ice statues
  2 dire elephant zombies
  Joseph (D:9)
  2 black mambas (shapeshifter)
  6 rust devils
  11 naga magi
  41 black mambas
  A stone giant skeleton (Crypt:3)
  2 eyes of devastation
  11 cane toads
  Maggie (Lair:1)
  2 rime drakes (Lair:5)
  3 centaur skeletons
  2 unseen horrors
  8 water nymphs
  A water nymph (shapeshifter) (Vaults:5)
  A smoke demon (Depths:3)
  2 gargoyles
  A hellion (Depths:1)
  3 large abominations (Abyss:2)
  A tormentor (Geh:1)
  13 ice devils
  3 alligator snapping turtle zombies (Crypt:3)
  21 yaktaurs
  3 kobold demonologists
  An efreet (D:15)
  12 freezing wraiths
  A human zombie (Vaults:3)
  A yaktaur (shapeshifter) (Elf:1)
  5 tengu conjurers
  5 komodo dragons
  An ancient zyme (Abyss:2)
  2 anaconda simulacra
  A human skeleton (Vaults:3)
  5 trolls
  Psyche (D:12)
  A polar bear (shapeshifter) (D:14)
  38 merfolk
  A queen bee (Lair:1)
  A harpy zombie (Crypt:2)
  13 polar bears
  5 red devils
  A hydra zombie (Hell)
  A sea snake skeleton (Hell)
  3 hornets
  A troll (shapeshifter) (D:15)
  A harpy skeleton (Crypt:3)
  A shadow dragon simulacrum (Zot:3)
  13 hellwings
  7 wind drakes
  An alligator simulacrum (Crypt:2)
  3 glass eyes
  8 snapping turtles
  5 raiju
  2 ettin zombies
  7 blink frogs
  A raiju (shapeshifter) (D:15)
  6 dream sheep (Lair:5)
  A draconian simulacrum (Zot:3)
  Grinder (D:5)
  A dream sheep (shapeshifter) (D:15)
  3 air elementals
  124 slime creatures
  Sigmund (D:3)
  A black mamba zombie (Crypt:1)
  3 jumping spiders
  2 small abominations (Abyss:2)
  23 water elementals
  An elf skeleton (Vaults:3)
  5 shadows
  2 vampires
  A dire elephant simulacrum (IceCv)
  A ynoxinul (Abyss:2)
  3 spriggans
  10 wraiths
  A wyvern (shapeshifter) (D:15)
  An ushabti (Crypt:3)
  50 yaks
  2 humans (D:14)
  An ettin skeleton (Crypt:3)
  8 basilisks
  5 wyverns
  4 fire elementals
  11 golden eyes
  6 wargs
  A hog (shapeshifter) (Elf:1)
  4 redbacks
  4 vampire mosquitoes
  A white draconian simulacrum (Zot:3)
  2 death yak simulacra (IceCv)
  A two-headed ogre zombie (Crypt:2)
  A yaktaur simulacrum (Vaults:3)
  A swamp worm (shapeshifter) (Vaults:5)
  A chaos spawn (D:15)
  36 nagas
  An acid dragon (D:10)
  8 water moccasins
  3 hydra simulacra (IceCv)
  Duvessa (D:5)
  A moth of wrath simulacrum (Zot:3)
  2 naga skeletons
  11 hell hounds
  5 ice beasts
  A sky beast (D:6)
  7 laughing skulls
  13 orc warriors
  11 black bears
  An ice beast (shapeshifter) (D:15)
  A swamp dragon zombie (Crypt:1)
  A black mamba simulacrum (Crypt:1)
  31 wolves
  4 centaurs
  24 ogres
  12 boggarts
  4 kobold brigands
  4 necrophages (Crypt:2)
  A brain worm (Abyss:3)
  A rime drake skeleton (Crypt:1)
  12 bullfrogs
  A gnoll sergeant (D:7)
  4 earth elementals
  3 scorpions
  3 cane toad simulacra (IceCv)
  3 wyvern skeletons (Crypt:3)
  Dowan (D:5)
  14 wights
  3 elephant simulacra (IceCv)
  33 killer bees
  6 howler monkeys
  4 crimson imps (D:11)
  3 bombardier beetles
  3 lava snakes (Lair:3)
  4 hounds
  A wolf skeleton (Crypt:1)
  20 jellies
  2 gnoll boudas
  A sleepcap (D:6)
  25 orc priests
  5 iguanas
  An iron imp (Abyss:2)
  A hell rat (Lair:5)
  25 orc wizards
  7 polar bear simulacra (IceCv)
  3 spriggan simulacra
  2 wolf simulacra (IceCv)
  A mummy (Crypt:3)
  A hound zombie (Crypt:2)
  5 gnolls
  14 adders
  A swamp drake zombie (Crypt:2)
  A naga simulacrum (IceCv)
  5 white imps
  4 ufetubi
  A dart slug (D:3)
  2 ribbon worms (D:2)
  64 orcs
  6 ball pythons
  14 endoplasms
  4 giant cockroaches
  12 goblins
  9 hobgoblins
  11 jackals
  21 kobolds
  A quokka (D:2)
  A ball python skeleton (Crypt:1)
  7 bats
  13 frilled lizards
  A hobgoblin skeleton (Crypt:1)
  2 orc skeletons (Crypt:1)
  5 rats
  4 aspiring fleshes
  2 tentacles (Shoals:4)
2638 creatures vanquished.

Vanquished Creatures (collateral kills)
  2 ancient liches (Zot:5)
  A Killer Klown (Zot:5)
  A golden dragon (Depths:4)
  Jory (Depths:3)
  A tentacled monstrosity (Vaults:5)
  An Orb Guardian (Zot:5)
  Asterion (Elf:2)
  A quicksilver dragon (Zot:1)
  6 acid blobs
  A death cob (Zot:1)
  3 sphinxes
  Aizul (Snake:1)
  A storm dragon (D:14)
  2 nagarajas (Snake:4)
  A draconian monk (Zot:4)
  A rockslime (Slime:5)
  3 frost giants
  3 azure jellies
  A fire giant (Depths:3)
  A draconian scorcher (Zot:4)
  2 iron dragons
  A deep elf elementalist (Elf:3)
  An ironbound preserver (Vaults:1)
  A spriggan defender (Depths:3)
  2 stone giants (Depths:3)
  2 quicksilver oozes (Slime:5)
  A formless jellyfish (Slime:4)
  An ironbound thunderhulk (Vaults:1)
  A green draconian (Zot:1)
  2 very ugly things (Depths:2)
  A purple draconian (Zot:4)
  2 red draconians (Zot:3)
  A black draconian (Zot:4)
  A deep elf annihilator (Elf:3)
  A spark wasp (Depths:2)
  A white draconian (Zot:4)
  A yellow draconian (Zot:4)
  2 ettins
  A lorocyproca (D:15)
  An eidolon (Crypt:3)
  A green death (Hell)
  2 fire dragons
  2 yaktaur captains
  2 quicksilver dragon zombies (Crypt:3)
  An entropy weaver (shapeshifter) (D:13)
  A merfolk impaler (Shoals:4)
  A spriggan zombie (Crypt:3)
  4 vault guards
  A hydra (Lair:5)
  3 great orbs of eyes
  An ice dragon (Depths:2)
  An ironbound frostheart (Vaults:2)
  2 merfolk aquamancers (Shoals:4)
  A satyr (Shoals:3)
  A dancing weapon (Elf:2)
  2 anacondas
  A catoblepas (D:14)
  4 centaur warriors
  2 merfolk avatars
  A boulder beetle (D:14)
  3 naga warriors
  3 hell hogs
  A titan zombie (Crypt:3)
  4 hell knights
  A sun demon (Depths:1)
  2 deep elf knights (Elf:2)
  2 skysharks (Lair:5)
  A salamander mystic (Snake:4)
  An anaconda zombie (Crypt:1)
  2 sea snakes
  4 deep trolls
  A shadow demon (Hell)
  A large abomination (Abyss:2)
  5 harpies
  A phantasmal warrior (Crypt:2)
  3 deep elf archers
  4 ironbound convokers
  2 orc knights
  A naga ritualist (Snake:4)
  A golden dragon skeleton (Crypt:1)
  2 deep elf zephyrmancers
  3 lindwurms
  2 necromancers
  A shining eye (Slime:3)
  9 ugly things
  A salamander (Snake:4)
  A cyclops (Orc:1)
  A manticore (Shoals:3)
  A faun (Shoals:3)
  2 naga magi (Snake:4)
  A guardian serpent (Snake:2)
  A shock serpent zombie (Crypt:2)
  2 naga zombies (Crypt:3)
  A rust devil (Hell)
  3 moths of wrath
  4 black mambas
  A smoke demon (Abyss:2)
  A storm dragon simulacrum (Abyss:2)
  A water nymph (Shoals:3)
  A human zombie (Vaults:3)
  A centaur skeleton (Crypt:1)
  4 cane toads
  2 freezing wraiths (D:14)
  2 komodo dragons (Lair:1)
  5 yaktaurs
  A tormentor (Hell)
  A rime drake (Lair:5)
  3 ice devils (IceCv)
  A guardian mummy (Crypt:3)
  A wind drake (Shoals:4)
  A troll (Orc:1)
  A hornet (D:13)
  A hellwing (Crypt:3)
  2 merfolk
  A dream sheep (Lair:5)
  A glass eye (Slime:3)
  4 snapping turtles
  A blink frog (Lair:4)
  2 raiju
  A hydra skeleton (Hell)
  31 slime creatures
  2 spriggans (D:13)
  A jumping spider (Crypt:3)
  13 yaks
  5 water elementals
  A wraith (D:9)
  2 vampire mosquitoes
  A golden eye (Slime:1)
  2 redbacks
  2 wargs
  3 nagas
  A harpy simulacrum (IceCv)
  2 hydra simulacra
  3 hell hounds (Lair:5)
  A water moccasin (Lair:1)
  3 orc warriors
  2 black bears (Lair:5)
  2 laughing skulls
  3 wolves
  2 ogres (Orc:2)
  A boggart (Vaults:1)
  A wyvern zombie (Crypt:2)
  3 wyvern skeletons (Crypt:3)
  3 killer bees (Lair:1)
  2 elephant simulacra (IceCv)
  11 jellies (Zot:4)
  2 orc priests
  An orc wizard (D:9)
  A polar bear simulacrum (IceCv)
  2 spriggan simulacra (IceCv)
  8 orcs
328 creatures vanquished.

Vanquished Creatures (others)
  A draconian annihilator (Zot:1)
  A stone giant (Depths:2)
  A merfolk javelineer (Shoals:4)
  3 centaur warriors
  An ogre mage (Vaults:3)
  A merfolk aquamancer (Shoals:2)
  A naga sharpshooter (Snake:4)
  An ugly thing (D:15)
  A yaktaur (Vaults:5)
  An air elemental (Elf:2)
  6 ancestors
  29 knights
  An orc wizard (D:9)
  2 tentacles (Shoals:4)
50 creatures vanquished.

Grand Total: 3016 creatures vanquished

Notes
Turn   | Place    | Note
-------+----------+-------------------------------------------
     0 | D:1      | Zeo the Barachi Hunter began the quest for the Orb.
     0 | D:1      | Reached XP level 1. HP: 17/17 MP: 1/1
   168 | D:1      | Reached skill level 1 in Armour
   168 | D:1      | Reached XP level 2. HP: 23/23 MP: 2/2
   336 | D:1      | Reached XP level 3. HP: 28/28 MP: 3/3
   539 | D:1      | Reached skill level 5 in Ranged Weapons
   845 | D:2      | Reached XP level 4. HP: 34/34 MP: 4/4
  1528 | D:3      | Reached XP level 5. HP: 41/41 MP: 5/5
  1670 | D:3      | Found a faded altar of an unknown god.
  2236 | D:3      | Noticed Sigmund
  2247 | D:3      | Killed Sigmund
  2248 | D:3      | Reached XP level 6. HP: 33/47 MP: 6/6
  2367 | D:3      | Found an opulent altar of Gozag.
  2367 | D:3      | Found a sparkling altar of Nemelex Xobeh.
  2790 | D:4      | Reached XP level 7. HP: 53/53 MP: 7/7
  2853 | D:4      | Found a stormy altar of Qazlal.
  3435 | D:5      | Entered Level 5 of the Dungeon
  3810 | D:5      | Reached XP level 8. HP: 56/60 MP: 8/8
  3844 | D:5      | Noticed Dowan
  3845 | D:5      | Noticed Duvessa
  4262 | D:5      | Killed Duvessa
  4263 | D:5      | Reached skill level 5 in Armour
  4289 | D:5      | Killed Dowan
  4588 | D:5      | Noticed Grinder
  4617 | D:5      | Killed Grinder
  4817 | D:5      | Found an ornate altar of the Wu Jian Council.
  4817 | D:5      | Found a radiant altar of Vehumet.
  4818 | D:5      | Found a hide-covered altar of Uskayaw.
  5389 | D:6      | Reached skill level 10 in Ranged Weapons
  5451 | D:6      | Reached skill level 5 in Fighting
  5451 | D:6      | Reached XP level 9. HP: 65/68 MP: 9/9
  6121 | D:6      | You fall into a shaft and drop 3 floors!
  6132 | D:9      | Noticed a hornet
  6157 | D:9      | Noticed Joseph
  6188 | D:9      | Killed Joseph
  6641 | D:9      | Noticed a troll
  6649 | D:9      | Killed a troll
  6655 | D:9      | Paralysed by a hornet for 2 turns
  6664 | D:9      | Killed a hornet
  6672 | D:9      | Noticed a cyclops
  6934 | D:8      | Reached XP level 10. HP: 73/76 MP: 10/10
  7430 | D:6      | Found Hoodaumick's Jewellery Shop.
  8473 | D:7      | Identified a scroll of acquirement
  9458 | D:7      | Noticed a cyclops
  9464 | D:7      | Killed a cyclops
  9998 | D:7      | Found Xeguem's Antique Armour Shoppe.
 10031 | D:7      | Bought a jewelled ring mail for 180 gold pieces
 10031 | D:7      | Identified the +7 ring mail of Circular Logic {^Contam
                  | rC+++ Str-5 Dex+4} (You bought it in a shop on level 7 of
                  | the Dungeon)
 10119 | D:7      | Found a staircase to the Ecumenical Temple.
 10145 | Temple   | Entered the Ecumenical Temple
 10196 | Temple   | Became a worshipper of Hepliaklqana the Forgotten
 11564 | D:9      | Reached XP level 11. HP: 83/83 MP: 11/11
 11795 | D:9      | Reached * piety under Hepliaklqana
 11821 | D:9      | Found a staircase to the Orcish Mines.
 12114 | D:9      | Killed a cyclops
 12273 | D:9      | Reached skill level 15 in Ranged Weapons
 12418 | D:9      | Acquired a +2 longbow of draining
 12471 | D:10     | Entered Level 10 of the Dungeon
 12647 | D:10     | Found a basalt altar of Yredelemnul.
 12681 | D:10     | Found a white marble altar of Elyvilon.
 12692 | D:10     | Found a blossoming altar of Fedhas.
 13988 | D:10     | Noticed Nergalle
 14000 | D:10     | Killed Nergalle
 14188 | D:10     | Found a shimmering blue altar of Sif Muna.
 14240 | D:10     | Reached ** piety under Hepliaklqana
 14241 | D:10     | Remembered your ancestor Cashile as a knight
 14509 | D:11     | Identified the +8 dagger "Reshrong" {drain, *Noise rPois
                  | rC+ Int+3}
 14592 | D:11     | Noticed a white ugly thing
 14598 | D:11     | Noticed a two-headed ogre
 14602 | D:11     | Killed a white ugly thing
 14610 | D:11     | Killed a two-headed ogre
 14611 | D:11     | Reached XP level 12. HP: 73/82 MP: 12/12
 14717 | D:11     | Noticed a two-headed ogre
 14720 | D:11     | Killed a two-headed ogre
 14873 | D:11     | Found a staircase to the Lair.
 15454 | Lair:1   | Entered Level 1 of the Lair of Beasts
 15571 | Lair:1   | Reached skill level 10 in Fighting
 15588 | Lair:1   | Reached *** piety under Hepliaklqana
 15627 | Lair:1   | Reached skill level 5 in Dodging
 15843 | Lair:1   | You fall into a shaft and drop 1 floor!
 15954 | Lair:2   | Identified the +1 robe of Lulepuynt {^Contam Rampage rN+}
 15983 | Lair:2   | Noticed Urug
 15989 | Lair:2   | Killed Urug
 16049 | Lair:2   | Found a frozen archway.
 16063 | IceCv    | Entered an ice cave
 17076 | IceCv    | Gained mutation: You can hop long distances. [Barachi
                  | growth]
 17076 | IceCv    | Reached XP level 13. HP: 97/97 MP: 13/13
 17333 | IceCv    | Found an ancient bone altar of Kikubaaqudgha.
 17775 | IceCv    | Identified the ring of Qarrets {rN+ Str+4}
 18379 | Lair:2   | Reached skill level 10 in Armour
 18568 | Lair:1   | Noticed Maggie
 18572 | Lair:1   | Killed Maggie
 19428 | Lair:2   | Found a staircase to the Shoals.
 19665 | Lair:2   | Got the Folio of Kinetic Energy
 20069 | Lair:3   | Reached **** piety under Hepliaklqana
 20243 | Lair:3   | Found a staircase to the Snake Pit.
 20901 | Lair:4   | Found a viscous altar of Jiyva.
 20904 | Lair:4   | Found a staircase to the Slime Pits.
 21050 | Lair:4   | Reached XP level 14. HP: 83/108 MP: 14/14
 21373 | Lair:4   | Reached ***** piety under Hepliaklqana
 21856 | Lair:4   | Gained mutation: You are partially covered in iridescent
                  | scales. (AC +2) [potion of mutation]
 21856 | Lair:4   | Gained mutation: You are clumsy. (Dex -2) [potion of
                  | mutation]
 21856 | Lair:4   | Gained mutation: You are vulnerable to heat. (rF-) [potion
                  | of mutation]
 21857 | Lair:4   | Lost mutation: You are partially covered in iridescent
                  | scales. (AC +2) [potion of mutation]
 21857 | Lair:4   | Lost mutation: You are vulnerable to heat. (rF-) [potion of
                  | mutation]
 21857 | Lair:4   | Gained mutation: You expend magic power (3 MP) to
                  | strengthen your wands. [potion of mutation]
 21857 | Lair:4   | Gained mutation: Your body sometimes deteriorates upon
                  | taking damage. [potion of mutation]
 21857 | Lair:4   | Gained mutation: You sometimes lose your temper in combat.
                  | [potion of mutation]
 21857 | Lair:4   | Gained mutation: You are partially covered in iridescent
                  | scales. (AC +2) [potion of mutation]
 21858 | Lair:4   | Lost mutation: You are partially covered in iridescent
                  | scales. (AC +2) [potion of mutation]
 21858 | Lair:4   | Lost mutation: You expend magic power (3 MP) to strengthen
                  | your wands. [potion of mutation]
 21858 | Lair:4   | Gained mutation: You are vulnerable to heat. (rF-) [potion
                  | of mutation]
 21858 | Lair:4   | Gained mutation: You are partially covered in iridescent
                  | scales. (AC +2) [potion of mutation]
 21859 | Lair:4   | Lost mutation: You are clumsy. (Dex -2) [potion of
                  | mutation]
 21859 | Lair:4   | Lost mutation: You are vulnerable to heat. (rF-) [potion of
                  | mutation]
 21859 | Lair:4   | Lost mutation: You are partially covered in iridescent
                  | scales. (AC +2) [potion of mutation]
 21859 | Lair:4   | Lost mutation: You sometimes lose your temper in combat.
                  | [potion of mutation]
 21859 | Lair:4   | Gained mutation: Armour fits poorly on your strangely
                  | shaped body. [potion of mutation]
 21859 | Lair:4   | Gained mutation: You have a beak for a mouth. [potion of
                  | mutation]
 21860 | Lair:4   | Lost mutation: Your body sometimes deteriorates upon taking
                  | damage. [potion of mutation]
 21860 | Lair:4   | Lost mutation: You have a beak for a mouth. [potion of
                  | mutation]
 21860 | Lair:4   | Lost mutation: Armour fits poorly on your strangely shaped
                  | body. [potion of mutation]
 21860 | Lair:4   | Gained mutation: You have a pair of small horns on your
                  | head. [potion of mutation]
 21860 | Lair:4   | Gained mutation: You have an increased reservoir of magic.
                  | (+10% MP) [potion of mutation]
 21860 | Lair:4   | Gained mutation: You have sharp toenails. [potion of
                  | mutation]
 21860 | Lair:4   | Gained mutation: Your muscles are strong. (Str +4, Int/Dex
                  | -1) [potion of mutation]
 21883 | Lair:5   | Entered Level 5 of the Lair of Beasts
 23071 | Lair:5   | Reached skill level 10 in Dodging
 23115 | Lair:5   | Noticed a dire elephant
 23128 | Lair:5   | Killed a dire elephant
 23260 | Lair:5   | Reached XP level 15. HP: 106/114 MP: 16/16
 25306 | D:12     | Noticed Psyche
 25310 | D:12     | Killed Psyche
 25577 | D:12     | Found a sacrificial altar of Ru.
 26229 | D:13     | Found a runed translucent door.
 26234 | D:13     | Identified the +12 spear of a treasure trove {freeze,
                  | Dex+2}
 26236 | D:13     | Noticed Gadfly's ghost (journeyman AtFi)
 26778 | D:13     | Killed Gadfly's ghost
 27702 | D:14     | Found a radiant altar of Vehumet.
 27769 | D:14     | Reached skill level 15 in Fighting
 28176 | D:14     | Noticed a sphinx
 28180 | D:14     | Killed a sphinx
 28306 | D:14     | Reached XP level 16. HP: 124/124 MP: 17/17
 28329 | Abyss:2  | Cast into level 2 of the Abyss (an occultist)
 28396 | Abyss:2  | Found a corrupted altar of Lugonu.
 28411 | Abyss:2  | Found a corrupted altar of Lugonu.
 28633 | Abyss:2  | Reached ****** piety under Hepliaklqana
 28656 | Abyss:2  | Found a corrupted altar of Lugonu.
 28752 | D:14     | Escaped the Abyss
 30138 | D:14     | Found a gate to the Vaults.
 30501 | D:14     | Noticed a shadow dragon
 30517 | D:14     | Killed a shadow dragon
 30649 | D:14     | Noticed a storm dragon
 30680 | D:14     | Killed a storm dragon
 31139 | D:15     | Entered Level 15 of the Dungeon
 31161 | D:15     | Noticed Nessos
 31166 | D:15     | Killed Nessos
 31859 | D:15     | Reached skill level 15 in Armour
 32045 | D:15     | Reached XP level 17. HP: 125/135 MP: 18/18
 32530 | D:15     | Found the +2 cloak of the Thief {*Fog Slay-2 SInv Stlth+}
 32569 | D:15     | Got the Quarto of Air
 32587 | D:15     | Identified the ring of Music {^Drain Fly rElec Will+ Str+7}
 33296 | D:15     | Found a staircase to the Depths.
 33740 | D:15     | Identified the +3 ring mail of Panentheism {rElec Dex+2}
 35348 | Orc:1    | Entered Level 1 of the Orcish Mines
 35402 | Orc:1    | You fall into a shaft and drop 1 floor!
 35402 | Orc:2    | Entered Level 2 of the Orcish Mines
 35517 | Orc:2    | Found a bloodstained altar of Trog.
 36633 | Orc:2    | Found Meatyll's General Store.
 36634 | Orc:2    | Found Oshreyte's Book Boutique.
 36635 | Orc:2    | Found Imezunga's Jewellery Boutique.
 36635 | Orc:2    | Found Ybirch's Assorted Antiques.
 36667 | Orc:2    | Found a staircase to the Elven Halls.
 37531 | Orc:1    | Found Bykukoah's General Store.
 37542 | Orc:1    | Bought a scroll of identify for 30 gold pieces
 37778 | Orc:2    | Bought a scroll of acquirement for 1560 gold pieces
 37785 | Orc:2    | Acquired a +7 triple crossbow of freezing
 38191 | Shoals:1 | Entered Level 1 of the Shoals
 38783 | Shoals:1 | Reached XP level 18. HP: 142/144 MP: 19/19
 38984 | Shoals:2 | Noticed Polyphemus
 38997 | Shoals:1 | Killed Polyphemus
 39455 | Shoals:2 | Reached skill level 15 in Dodging
 39839 | Shoals:2 | Noticed Ilsuiw
 39849 | Shoals:2 | Killed Ilsuiw
 39965 | Shoals:2 | Noticed Jorgrun
 39972 | Shoals:2 | Killed Jorgrun
 40072 | Shoals:2 | Got the Almanac of Chilblains and Fumes
 40286 | Shoals:2 | Identified the ring of Yredelemnul's Reproof {+Blink rPois
                  | Str+3 Slay+4}
 40722 | Shoals:3 | Found a runed translucent gate.
 40722 | Shoals:3 | Found a runed translucent gate.
 40722 | Shoals:3 | Found a runed translucent gate.
 40723 | Shoals:3 | Noticed bairyn's ghost (adept OnFE)
 40723 | Shoals:3 | Noticed Meod's ghost (adept MiBe)
 40724 | Shoals:3 | Noticed Wecaes's ghost (journeyman HOFE)
 40725 | Shoals:3 | Noticed Lianjan's ghost (adept MiGl)
 40870 | Shoals:3 | Found Zerphej's Antique Weapon Emporium.
 41772 | Orc:2    | Bought a manual of Ranged Weapons for 960 gold pieces
 42489 | Shoals:4 | Entered Level 4 of the Shoals
 42527 | Shoals:4 | Noticed Donald
 42533 | Shoals:4 | Killed Donald
 42730 | Shoals:4 | Reached XP level 19. HP: 44/150 MP: 17/20
 42760 | Shoals:4 | Noticed Mlioglotl
 43411 | Shoals:4 | Killed Mlioglotl
 43539 | Shoals:4 | Found Huif's Assorted Antiques.
 43636 | Shoals:4 | Bought a scroll of identify for 66 gold pieces
 43636 | Shoals:4 | Bought a scroll of identify for 66 gold pieces
 44523 | Shoals:4 | Got a barnacled rune of Zot
 44779 | Snake:1  | Entered Level 1 of the Snake Pit
 45624 | Snake:1  | Found Leobbi's Magic Scroll Emporium.
 45625 | Snake:1  | Found Ziq Buoh's Weapon Shoppe.
 45625 | Snake:1  | Found Qowiythrepru's Jewellery Emporium.
 45829 | Snake:1  | Found Vic Qaro's Armour Shoppe.
 45829 | Snake:1  | Identified the serpent talisman of Zujor {rN+}
 45829 | Snake:1  | Noticed Aizul
 45833 | Snake:1  | Killed Aizul
 45871 | Snake:1  | Identified the amulet "Couc" {Acrobat +Blink rF+++ Regen+
                  | Dex-4}
 48665 | Snake:4  | Entered Level 4 of the Snake Pit
 48847 | Snake:4  | Reached XP level 20. HP: 157/157 MP: 22/22
 49877 | Snake:4  | Identified the +4 shortbow of Doom {heavy, rF+ rCorr MP+9}
 52836 | Snake:4  | Noticed Vashnia
 52843 | Snake:4  | Killed Vashnia
 53165 | Snake:4  | Found a runed translucent door.
 53166 | Snake:4  | Found a shimmering altar of Xom.
 53166 | Snake:4  | Noticed cdecastro's ghost (adept DrSh)
 54653 | Snake:4  | Got a serpentine rune of Zot
 55016 | Elf:1    | Entered Level 1 of the Elven Halls
 55656 | Elf:1    | Reached XP level 21. HP: 162/162 MP: 23/23
 58072 | Elf:2    | Noticed Asterion
 58081 | Elf:2    | Killed Asterion
 58702 | Elf:2    | Found a huge runed translucent gate.
 58702 | Elf:2    | Found a huge runed translucent gate.
 58709 | Elf:2    | Found a huge runed translucent gate.
 58710 | Elf:2    | Found a huge runed translucent gate.
 58711 | Elf:2    | Found a huge runed translucent gate.
 58777 | Elf:2    | Paralysed by an air elemental for 1 turns
 60280 | Elf:3    | Entered Level 3 of the Elven Halls
 60343 | Elf:3    | Found Onaef's Jewellery Boutique.
 60682 | Elf:3    | Noticed Roxanne
 60687 | Elf:3    | Killed Roxanne
 61276 | Elf:3    | Found Juruku's Antique Armour Boutique.
 62124 | Elf:3    | Found Osiwn's General Store.
 62420 | Elf:3    | Found Awuad's Armour Boutique.
 62630 | Abyss:3  | Cast into level 3 of the Abyss (a deep elf sorcerer)
 62770 | Elf:3    | Escaped the Abyss
 63299 | Elf:3    | Reached skill level 27 in Ranged Weapons
 63391 | Elf:3    | Identified the ring of Duneoh Cuasch {rF- rN++ Str+6 Dex+5}
 63907 | Elf:3    | Found the +27 heavy crossbow "Sniper" {heavy, Acc+∞ SInv}
 63911 | Elf:3    | Got Saefouv's Incunable of Enthralling Oromancy
 63938 | Elf:3    | Identified the staff "Jellyslayer" {^Drain rN+ rCorr Summ
                  | Necro Air}
 63939 | Elf:3    | Identified the staff "Maleat" {rElec rN+++ Dex-4 Conj Ice
                  | Air}
 63954 | Elf:3    | Identified the +8 hand axe "Uhinog" {heavy, ^Drain rElec
                  | rCorr MP+9}
 64435 | Snake:1  | Bought the +2 hood of the Assassin {Detect Stab+ Stlth++}
                  | for 960 gold pieces
 64435 | Snake:1  | Found the +2 hood of the Assassin {Detect Stab+ Stlth++}
 65028 | Vaults:1 | Entered Level 1 of the Vaults
 65155 | Vaults:1 | Reached XP level 22. HP: 170/170 MP: 24/24
 67258 | Vaults:2 | Found a staircase to the Crypt.
 68031 | Vaults:3 | Reached XP level 23. HP: 182/182 MP: 25/25
 68036 | Vaults:3 | Got The Last Octavo of the Ultimate Wizard
 68201 | Vaults:3 | Found a runed translucent gate.
 68201 | Vaults:3 | Noticed Xafer's ghost (adept DsGl)
 68202 | Vaults:3 | Found a runed translucent gate.
 68202 | Vaults:3 | Found a runed translucent gate.
 68207 | Vaults:3 | Noticed a golden dragon
 68576 | Shoals:3 | Killed Meod's ghost
 68579 | Shoals:3 | Killed Lianjan's ghost
 68581 | Shoals:3 | Killed Wecaes's ghost
 68584 | Shoals:3 | Killed bairyn's ghost
 69014 | Snake:4  | Killed cdecastro's ghost
 69036 | Snake:4  | Identified the +0 scale mail "Loedwudutz" {rC++ Int+3}
 69872 | Vaults:3 | Identified the maw talisman "Buveh" {rPois rN+ Dex-3}
 70360 | Vaults:4 | Identified the +0 pair of gloves "Bedghini" {Will++}
 70580 | Vaults:4 | Noticed a golden dragon
 70585 | Vaults:4 | Killed a golden dragon
 70891 | Vaults:4 | Found a runed translucent door.
 70891 | Vaults:4 | Found a shimmering altar of Xom.
 70891 | Vaults:4 | Noticed bronco's ghost (adept TrMo)
 70891 | Vaults:4 | Identified the +10 great mace of Noon {chaos, rPois rC+
                  | Str+2 Int-2}
 70903 | Vaults:4 | Killed bronco's ghost
 70983 | Vaults:4 | Identified the +2 orcbow of Jumado {drain, Str+2 Int+3}
 71976 | Vaults:3 | Killed a golden dragon
 71978 | Vaults:3 | Killed Xafer's ghost
 73098 | Vaults:3 | Got Pausk's Handbook of the Cemetery and Adjuration
 76266 | Depths:1 | Entered Level 1 of the Depths
 76317 | Depths:1 | Found Vegeal's Jewellery Shop.
 76318 | Depths:1 | Found Jid Comurr's Book Emporium.
 76321 | Depths:1 | Found Tinnajex's Jewellery Shop.
 77526 | Depths:1 | Found a sparkling altar of Nemelex Xobeh.
 77589 | Depths:1 | Found a runed translucent door.
 77590 | Depths:1 | Noticed Xoedokom's ghost (adept TrMo)
 77826 | Depths:1 | Found a gateway to Hell.
 78217 | Depths:1 | Killed Xoedokom's ghost
 78746 | Slime:1  | Entered Level 1 of the Pits of Slime
 78897 | Slime:1  | Reached XP level 24. HP: 202/202 MP: 25/25
 79091 | Slime:2  | Reached skill level 27 in Fighting
 79464 | Slime:4  | Paralysed by a formless jellyfish for 1 turns
 79641 | Slime:3  | Gained mutation: You occasionally shout uncontrollably at
                  | your foes. [a shining eye]
 79643 | Slime:3  | Gained mutation: Your spells are a little easier to cast,
                  | but a little less powerful. [a shining eye]
 79643 | Slime:3  | Gained mutation: You are occasionally teleported next to
                  | monsters. [a shining eye]
 79643 | Slime:3  | Gained mutation: You have hidden genetic defects. [a
                  | shining eye]
 79670 | Slime:4  | Paralysed by a formless jellyfish for 1 turns
 79997 | Slime:5  | Entered Level 5 of the Pits of Slime
 80008 | Slime:5  | Noticed the Royal Jelly
 80438 | Slime:4  | Gained mutation: You frequently scream uncontrollably at
                  | your foes. [a shining eye]
 81104 | Slime:5  | Gained mutation: Your body sometimes deteriorates upon
                  | taking damage. [a shining eye]
 81222 | Slime:5  | Gained mutation: You have a considerably increased
                  | reservoir of magic. (+20% MP) [a shining eye]
 81225 | Slime:5  | Killed the Royal Jelly
 81225 | Slime:5  | Lost mutation: You have a considerably increased reservoir
                  | of magic. (+20% MP) [a shining eye]
 81226 | Slime:5  | Lost mutation: Your muscles are strong. (Str +4, Int/Dex
                  | -1) [a shining eye]
 81236 | Slime:4  | Gained mutation: You occasionally lose the ability to drink
                  | potions when taking damage. [hidden defects]
 81785 | Orc:1    | Bought a potion of mutation for 120 gold pieces
 81785 | Orc:1    | Lost mutation: You occasionally lose the ability to drink
                  | potions when taking damage. [potion of mutation]
 81785 | Orc:1    | Lost mutation: Your body sometimes deteriorates upon taking
                  | damage. [potion of mutation]
 81785 | Orc:1    | Lost mutation: You have a pair of small horns on your head.
                  | [potion of mutation]
 81785 | Orc:1    | Gained mutation: Your mind is acute. (Int +4, Str/Dex -1)
                  | [potion of mutation]
 81786 | Orc:1    | Lost mutation: Your spells are a little easier to cast, but
                  | a little less powerful. [potion of mutation]
 81786 | Orc:1    | Lost mutation: You frequently scream uncontrollably at your
                  | foes. [potion of mutation]
 81786 | Orc:1    | Lost mutation: Your mind is acute. (Int +4, Str/Dex -1)
                  | [potion of mutation]
 81786 | Orc:1    | Gained mutation: You have sharp fingernails. [potion of
                  | mutation]
 81786 | Orc:1    | Gained mutation: You have a pair of small antennae on your
                  | head. [potion of mutation]
 81786 | Orc:1    | Gained mutation: You are clumsy. (Dex -2) [potion of
                  | mutation]
 81787 | Orc:1    | Lost mutation: You are clumsy. (Dex -2) [potion of
                  | mutation]
 81787 | Orc:1    | Lost mutation: You have sharp toenails. [potion of
                  | mutation]
 81787 | Orc:1    | Lost mutation: You occasionally shout uncontrollably at
                  | your foes. [potion of mutation]
 81787 | Orc:1    | Lost mutation: You have hidden genetic defects. [potion of
                  | mutation]
 81787 | Orc:1    | Gained mutation: Your mind is acute. (Int +4, Str/Dex -1)
                  | [potion of mutation]
 81788 | Orc:1    | Lost mutation: You are occasionally teleported next to
                  | monsters. [potion of mutation]
 81788 | Orc:1    | Lost mutation: You have sharp fingernails. [potion of
                  | mutation]
 81788 | Orc:1    | Lost mutation: You have an increased reservoir of magic.
                  | (+10% MP) [potion of mutation]
 81788 | Orc:1    | Gained mutation: You are robust. (+10% HP) [potion of
                  | mutation]
 81788 | Orc:1    | Gained mutation: Your magical capacity is low. (-10% MP)
                  | [potion of mutation]
 81788 | Orc:1    | Gained mutation: You have a pair of antennae on your head.
                  | [potion of mutation]
 84953 | Slime:5  | Found the +3 warlock's mirror {omnireflect}
 84969 | Slime:5  | Identified the +10 great mace of Zujo {vamp, Fly rElec
                  | Str+2}
 84992 | Slime:5  | Identified the +5 morningstar of the Elven Halls {freeze,
                  | Will+ MP-9 Int+3 Dex+7}
 84995 | Slime:5  | Got a slimy rune of Zot
 85000 | Slime:5  | Identified the ring of Lytwog {Ice rPois rN++ MP-9 Stlth+}
 85004 | Slime:5  | Got Theurgy for Initiates
 85026 | Slime:5  | Identified the ring of Knowledge {+Blink rElec Str+3
                  | Slay+4}
 85066 | Slime:5  | Identified the +5 battleaxe "Ubzb" {heavy, Str+4}
 85129 | Slime:5  | Identified the ring "Wonkucy" {rPois Str+3}
 85717 | Snake:1  | Bought a scroll of butterflies for 60 gold pieces
 85717 | Snake:1  | Bought a scroll of teleportation for 45 gold pieces
 86497 | D:11     | Gained mutation: You are weak. (Str -2) [mutagenic glow]
 86515 | D:11     | Lost mutation: You are weak. (Str -2) [potion of mutation]
 86515 | D:11     | Lost mutation: Your mind is acute. (Int +4, Str/Dex -1)
                  | [potion of mutation]
 86515 | D:11     | Lost mutation: You have a pair of antennae on your head.
                  | [potion of mutation]
 86515 | D:11     | Gained mutation: You occasionally lose the ability to drink
                  | potions when taking damage. [potion of mutation]
 86515 | D:11     | Gained mutation: Your magical capacity is very low. (-20%
                  | MP) [potion of mutation]
 86654 | Orc:1    | Bought a scroll of enchant armour for 112 gold pieces
 87193 | Depths:2 | Noticed Bai Suzhen
 87193 | Depths:2 | Noticed Vv
 87200 | Depths:1 | Killed Bai Suzhen
 87485 | Depths:2 | Noticed Mara
 87488 | Depths:2 | Noticed Zeo's illusion
 87488 | Depths:2 | Killed Mara
 87652 | Depths:2 | Noticed Sojobo
 87655 | Depths:2 | Paralysed by an air elemental for 1 turns
 87657 | Depths:2 | Killed Sojobo
 87893 | Depths:2 | Killed Vv
 88013 | Depths:2 | Identified the ring of Autumn {Ice rElec rCorr Dex+4
                  | Slay-5}
 88090 | Depths:2 | Reached XP level 25. HP: 234/234 MP: 18/18
 88110 | Depths:2 | Found a glowing golden altar of the Shining One.
 88228 | Depths:2 | Lost mutation: You have a pair of small antennae on your
                  | head. [potion of mutation]
 88228 | Depths:2 | Lost mutation: Your magical capacity is very low. (-20% MP)
                  | [potion of mutation]
 88228 | Depths:2 | Gained mutation: You are agile. (Dex +4, Str/Int -1)
                  | [potion of mutation]
 88228 | Depths:2 | Gained mutation: Your system is resistant to poisons.
                  | (rPois) [potion of mutation]
 88778 | Depths:2 | Identified the ring of Epunef {rF+ Will+}
 90957 | Depths:2 | Found a runed translucent door.
 90958 | Depths:2 | Found a runed translucent door.
 91119 | Depths:2 | Found a one-way gate leading to the halls of Pandemonium.
 92376 | Depths:2 | Identified the ring "Yfeiqie" {Fly rElec}
 92385 | Depths:2 | Identified the amulet of Knowledge {Reflect rCorr SH+5}
 93679 | Depths:3 | Found a corrupted altar of Lugonu.
 93679 | Depths:3 | Found a one-way gate to the infinite horrors of the Abyss.
 93779 | Depths:3 | Noticed Grunn
 93792 | Depths:3 | Killed Grunn
 93992 | Depths:3 | Found a one-way gateway to a ziggurat.
 94393 | Depths:3 | Noticed a juggernaut
 94398 | Depths:3 | Killed a juggernaut
 95116 | Depths:3 | Noticed Jory
 95119 | Depths:3 | Killed Jory
 95755 | Depths:3 | Identified the +5 demon blade "Sonastri" {vamp, Str+4}
 95844 | Depths:4 | Entered Level 4 of the Depths
 95903 | Depths:4 | Reached XP level 26. HP: 242/242 MP: 20/20
 96138 | Depths:4 | Reached skill level 27 in Armour
 96979 | Depths:4 | Found a gate to the Realm of Zot.
 97635 | Crypt:1  | Entered Level 1 of the Crypt
102415 | Crypt:3  | Entered Level 3 of the Crypt
104812 | Crypt:3  | Found an ancient bone altar of Kikubaaqudgha.
105386 | Crypt:3  | Identified the ring "Voikull" {rC+ rN+ Will+ Dex+5}
105917 | Crypt:3  | Found a staircase to the Tomb.
105937 | Crypt:3  | Identified the ring of the Manifold Knives {rF+ rN+ rCorr
                  | Dex+3}
105937 | Crypt:3  | Identified the ring "Hasib" {rF++ rN+}
106809 | Crypt:3  | Identified the staff of Undoing {rC+ rN+ Stlth+ Necro}
107753 | Crypt:3  | Identified the +4 bardiche of Amurol {speed, rF+ rC+ Dex+4}
107968 | Crypt:3  | Noticed an ancient lich
107974 | Crypt:3  | Killed an ancient lich
107975 | Crypt:3  | Reached skill level 1 in Evocations
108148 | Crypt:3  | Reached XP level 27. HP: 249/249 MP: 20/20
109246 | Vaults:5 | Entered Level 5 of the Vaults
109935 | Vaults:4 | Reached skill level 27 in Dodging
110213 | Vaults:5 | Reached skill level 5 in Evocations
110307 | Vaults:5 | Reached skill level 1 in Shields
110629 | Vaults:5 | Identified the +8 rapier "Ixikuer" {freeze, rC++}
110916 | Vaults:5 | Reached skill level 5 in Shields
110921 | Vaults:5 | Noticed an ancient lich
110927 | Vaults:5 | Killed an ancient lich
111099 | Vaults:5 | Identified the staff "Latihas" {rF+ Fire Earth}
111652 | Vaults:5 | Identified the +5 halberd of Zinamnosm {freeze, rCorr MP+9
                  | Dex-5 SInv}
111834 | Vaults:5 | Identified the +0 robe "Jocsuq" {Regen+ Str-5 Int+7 Slay-2}
112078 | Vaults:5 | Reached skill level 10 in Evocations
112336 | Vaults:5 | Identified the +1 scimitar of the Gibberer {freeze, rC-
                  | Will- Str+2 Dex+8}
113579 | Vaults:5 | Identified the staff "Jipp" {Str+4 Dex-3 Conj Air}
113587 | Vaults:5 | Got Sif Muna's Incunabulum of Creation and the Compass
113968 | Vaults:5 | Noticed an ancient lich
113970 | Vaults:5 | Killed an ancient lich
113980 | Vaults:5 | Noticed an ancient lich
113982 | Vaults:5 | Killed an ancient lich
114000 | Vaults:5 | Got a silver rune of Zot
114097 | Vaults:5 | Found the +10 Black Knight's barding {ponderous, rPois rN+}
115274 | Hell     | Entered the Vestibule of Hell
115274 | Hell     | Noticed Geryon
115861 | Depths:2 | Reached skill level 10 in Shields
116478 | Hell     | Killed Geryon
117368 | Hell     | Found a gateway to the Iron City of Dis.
117897 | Hell     | Found a gateway to the decaying netherworld of Tartarus.
118013 | Hell     | Found a gateway to the freezing wastes of Cocytus.
118186 | Hell     | Found a gateway to the ashen valley of Gehenna.
118244 | Geh:1    | Entered Level 1 of Gehenna
118720 | Zot:1    | Entered Level 1 of the Realm of Zot
119710 | Zot:1    | Found a transporter.
120201 | Zot:1    | Found a transporter.
120484 | Zot:2    | Identified the +1 scale mail of Omission {Harm Regen+}
120953 | Zot:2    | Reached skill level 15 in Evocations
121062 | Zot:2    | Gained mutation: You do not regenerate when monsters are
                  | visible. [a shining eye]
121064 | Zot:2    | Gained mutation: Your health recovers twice as slowly from
                  | being drained. [a shining eye]
121768 | Zot:3    | Noticed an ancient lich
121773 | Zot:3    | Killed an ancient lich
121776 | Zot:3    | Identified the ring "Zaativ" {Ice rN++ Str+2}
121776 | Zot:3    | Noticed Josephina
121781 | Zot:3    | Reached skill level 15 in Shields
121783 | Zot:3    | Killed Josephina
121891 | Zot:3    | Found a transporter.
121894 | Zot:3    | Noticed Hicanoach's ghost (master DsGl)
121903 | Zot:3    | Found a transporter.
123884 | Zot:4    | Identified the +6 war axe "Dovacaah" {flame, rElec rF-
                  | Str+3}
124454 | Zot:4    | Lost mutation: Your magical capacity is low. (-10% MP)
                  | [potion of mutation]
124454 | Zot:4    | Lost mutation: You are agile. (Dex +4, Str/Int -1) [potion
                  | of mutation]
124454 | Zot:4    | Lost mutation: You occasionally lose the ability to drink
                  | potions when taking damage. [potion of mutation]
124454 | Zot:4    | Lost mutation: Your system is resistant to poisons. (rPois)
                  | [potion of mutation]
124454 | Zot:4    | Gained mutation: You have sharp toenails. [potion of
                  | mutation]
124454 | Zot:4    | Gained mutation: You have a pair of small horns on your
                  | head. [potion of mutation]
126015 | Zot:5    | Entered Level 5 of the Realm of Zot
126913 | Zot:5    | Noticed an orb of fire
126914 | Zot:5    | Noticed an ancient lich
126916 | Zot:5    | Killed an orb of fire
126917 | Zot:5    | Killed an ancient lich
126917 | Zot:5    | Noticed an ancient lich
126919 | Zot:5    | Noticed an ancient lich
126922 | Zot:5    | Killed an ancient lich
126931 | Zot:5    | Killed an ancient lich
126932 | Zot:5    | Reached skill level 1 in Throwing
128374 | Zot:5    | Noticed an ancient lich
128375 | Zot:5    | Noticed an ancient lich
128376 | Zot:5    | Noticed an orb of fire
128377 | Zot:5    | Killed an ancient lich
128377 | Zot:5    | Noticed an ancient lich
128377 | Zot:5    | Gained mutation: You sometimes lose your temper in combat.
                  | [an orb of fire]
128380 | Zot:5    | Gained mutation: You occasionally shout uncontrollably at
                  | your foes. [an orb of fire]
128381 | Zot:5    | Killed an orb of fire
128382 | Zot:5    | Killed an ancient lich
128388 | Zot:5    | Killed an ancient lich
128489 | Zot:5    | Noticed a dread lich
128491 | Zot:5    | Killed a dread lich
129047 | Zot:5    | Noticed an ancient lich
129050 | Zot:5    | Killed an ancient lich
129980 | Zot:5    | Got the Orb of Zot
130292 | D:15     | Noticed a seraph
130294 | D:15     | Killed a seraph
130316 | D:15     | Noticed Astaidoo the pandemonium lord
130319 | D:15     | Killed Astaidoo the pandemonium lord
130589 | D:4      | Noticed Duucsorou the pandemonium lord
130590 | D:4      | Killed Duucsorou the pandemonium lord
130704 | D:$      | Escaped with the Orb!

Illustrated notes

Levels and vault maps discovered:
D:1:      heliophobic_arrival_glass_houses, layout_basic, minmay_lizard_king
D:2:      layout_loops_ring
D:3:      layout_loops_corners, grunt_temple_overflow_opulence,
          basic_ecumenical_altar, uniq_sigmund
D:4:      layout_basic, mainiacjoe_overflow_six_doors_small
D:5:      layout_basic, minitemple, nicolae_nh_ransacked_shop, uniq_duvessa,
          uniq_grinder
D:6:      layout_loops_ring, serial_shops, nicolae_shop_gaudy_bauble
D:7:      minmay_slanted_spiral_squares, layout_basic,
          minmay_temple_entry_glassed_door, serial_shops, shop
D:8:      layout_gridville, serial_bayou_crossing
D:9:      layout_loops_ring, erik_orc_3, uniq_joseph
D:10:     layout_long_grid, nicolae_overflow_quartered_altars,
          skrybe_limestone_x, grunt_potential, uniq_nergalle
D:11:     layout_gridville, lair_entry_dummy, minmay_fire_ice_demons
D:12:     layout_irregular_city, nicolae_ru_the_path_less_chosen, uniq_psyche
D:13:     layout_long_grid, ebering_ghost_funeral_grove
D:14:     layout_long_grid, grunt_vaults_entry_fortified,
          nicolae_vehumet_radiance, nicolae_rejected_hall
D:15:     vault_1, layout_cross, kennysheep_pointless_box, uniq_nessos
Temple:   nicolae_temple_slightly_damp_pantheon
Lair:1:   layout_roguey [special_room_bee], grunt_megastairs_1, uniq_maggie
Lair:2:   layout_cellular_growth, nicolae_shoals_entry_flooding,
          portal_ice_cave_entry_pillars_2, uniq_urug
Lair:3:   layout_long_grid, nicolae_snake_entry_warm_welcome,
          patterned_corridor, lemuel_fruit_tree
Lair:4:   layout_regular_city, minmay_slime_entry_oklob_open,
          hellmonk_talismancer
Lair:5:   hangedman_lair_in_review, layout_cave_shapes,
          hangedman_lair_caniforms_friends
Shoals:1: layout_shoals, nicolae_shoals_wave_tunnel
Shoals:2: layout_shoals, nicolae_shoals_water_shrine, uniq_polyphemus,
          uniq_ilsuiw, uniq_jorgrun
Shoals:3: layout_shoals, gammafunk_ghost_cemetery, nicolae_stop_n_shop_2
Shoals:4: shoals_end_simple, layout_shoals, shoal_ilsuiw, serial_shops,
          nicolae_shop_waterfront, uniq_mlioglotl, uniq_donald
Snake:1:  layout_misc_corridors, minmay_shoptagon, uniq_aizul
Snake:2:  layout_misc_corridors, nicolae_fountain_basement
Snake:3:  layout_cave_town
Snake:4:  grunt_snake_rune_spirals, layout_onion, ebering_ghost_xom,
          uniq_vashnia
Slime:1:  layout_caves
Slime:2:  layout_caves
Slime:3:  layout_caves
Slime:4:  layout_caves
Slime:5:  slime_pit_nicolae_amoeboid
Orc:1:    layout_caves, serial_shops, shop
Orc:2:    st_orc_ogre_mass, layout_caves, basic_altar, mines1_david
Elf:1:    minmay_elf_arrival_summoners, layout_gridlike,
          nicolae_elf_shapeshifter_party, grunt_megastairs_5
Elf:2:    elven_hall_of_blades_hangedman_alternative
          [nicolae_vaults_blade_armed_guards], layout_gridlike,
          hangedman_elf_simple_split, uniq_asterion
Elf:3:    elf_hall_gauntlet_narrow, layout_loops_cross, serial_shops,
          nicolae_shop_tiny_statue_garden, shop, shop, shop,
          nicolae_elf_deep_friendship, uniq_roxanne
Vaults:1: v_misc_1, grunt_vaults_funnel, ontoclasm_vaults_idyll, v_rooms_2,
          hangedman_vaults_river_flow, hangedman_vaults_slither, v_misc_5,
          nicolae_vaults_house_1, nicolae_vaults_security_offices_1,
          nicolae_vaults_trapezoid_2, ontoclasm_vaults_ligature,
          layout_vaults_maze_snakey
Vaults:2: v_misc_3, nicolae_vaults_sesquioval_fish,
          nicolae_vaults_oval_intersection, minmay_crypt_entry_simple_corners,
          st_cells, nicolae_vaults_alarming, v_misc_25,
          nicolae_vaults_specimen_jars, ontoclasm_vaults_spin,
          nicolae_vaults_shelves_hall, vaults_room_corners,
          vaults_mumra_minichess_inversion, nicolae_vaults_gold_heap,
          layout_vaults_omnigrid
Vaults:3: gammafunk_ghost_split, grunt_vaults_twisty, v_pattern_1,
          grunt_vaults_hallway_short, hangedman_vaults_corner,
          ontoclasm_vaults_decontamination, nicolae_vaults_circle_grid_b,
          nicolae_vaults_doubleplus_tesselated, vaults_room_door_ring,
          nicolae_vaults_storage_room_statues, nicolae_vaults_diamond_2,
          vaults_room_hangedman_quadrants, nicolae_vaults_little_ls,
          nicolae_vaults_trapezoid_lopsided_1, nicolae_vaults_wine_cellar,
          layout_vaults_ring
Vaults:4: ebering_ghost_xom, vaults_dpeg_cross, hangedman_vaults_maws,
          nicolae_vaults_closet_pinwheel_6, hangedman_vaults_impose,
          nicolae_vaults_shipping_containers_4, hangedman_vaults_unwind,
          nicolae_vaults_storage_closets_3, nicolae_vaults_turnstiles,
          nicolae_vaults_network_periphery, ontoclasm_vaults_pinch,
          ontoclasm_vaults_claustrophobia, ontoclasm_vaults_gateway,
          nicolae_vaults_ring_of_whatevers, nicolae_vaults_trapezoid_1,
          layout_vaults_omnibox
Vaults:5
Crypt:1:  layout_misc_corridors
Crypt:2:  layout_gridlike
Crypt:3:  evilmike_haunted_forest
Depths:1: layout_gridlike, ebering_ghost_reflecting_pool,
          nicolae_hell_entry_hellmouth_sunbeams, hangedman_decor_lopped,
          hangedman_glass_teeth, nemelex_lonely_heart_becter, minmay_shop_grove
Depths:2: minmay_the_grid_triangle_9x9_recursive_3
          [minmay_the_grid_triangle_9x9_tough_junction,
          minmay_the_grid_triangle_9x9_thin_v,
          minmay_the_grid_triangle_9x9_corrupted_corridor,
          minmay_the_grid_triangle_9x9_prize_special,
          minmay_the_grid_triangle_9x9_negative_grid,
          minmay_the_grid_triangle_9x9_sparse_checkered,
          minmay_the_grid_triangle_9x9_windchime,
          minmay_the_grid_triangle_9x9_cache,
          minmay_the_grid_triangle_9x9_pentomino_pain], layout_cave_pools,
          hell_entry, rand_demon_pan_entry_1, lemuel_tele_altar, minivault_16,
          uniq_sojobo, uniq_bai_suzhen, uniq_vv, uniq_mara
Depths:3: minmay_quarter_circles, layout_gridlike, enter_ziggurat_f,
          hellmouth_1, abyss_entry_flame_altar, serial_bayou_ford_a, uniq_grunn,
          uniq_jory
Depths:4: evilmike_zot_entry_basic, layout_basic, dk_noncrumbling_4,
          hangedman_tar_grid_catacomb, kennysheep_random_hallway,
          infiniplex_staircase_pool_lava
Hell
Geh:1:    layout_gehenna_pools_basic
Zot:1:    grunt_twist_and_shout, layout_concentric_octagons,
          nicolae_diode_stairs
Zot:2:    layout_gridlike
Zot:3:    ebering_greatest_show_in_zot, layout_misc_corridors,
          gammafunk_ghost_arena, regret_index_zotdec_slimy_original,
          st_small_dragon_hoard_2, grunt_ministairs_3, uniq_josephina
Zot:4:    lemuel_acid_trip, layout_onion_interference
Zot:5:    layout_basic

Skill      XL: |  1  2  3  4  5  6  7  8  9 10 11 12 13 14 15 16 17 18 19 20 21 22 23 24 25 26 27 |
---------------+----------------------------------------------------------------------------------+-----
Armour         | 1 2 3 4 5 6 7 9 11 12 13 15 17 18 19 20 21 22 24 26 27 | 27.0
Ranged Weapons | 5 6 7 8 10 12 14 16 17 18 20 23 25 27 | 27.0
Fighting       | 3 4 5 6 7 12 14 15 18 19 22 26 27 | 27.0
Dodging        | 3 6 8 10 11 12 14 16 17 18 19 21 23 26 27 | 27.0
Evocations     | 1 20 | 20.4
Shields        | 20 | 20.0
Throwing       | 1 |  1.3
Stealth        | |  0.8

Action                     |  1- 3 |  4- 6 |  7- 9 | 10-12 | 13-15 | 16-18 | 19-21 | 22-24 | 25-27 || total
---------------------------+-------+-------+-------+-------+-------+-------+-------+-------+-------++-------
   Fire: Shortbow          |   129 |   169 |   421 |   462 |       |       |       |       |       ||  1181
         Longbow           |       |       |       |   365 |   970 |   694 |       |       |       ||  2029
         Triple crossbow   |       |       |       |       |       |   365 |   904 |       |       ||  1269
         Heavy crossbow    |       |       |       |       |       |       |     3 |   752 |  1333 ||  2088
  Throw: Dart              |       |       |       |       |       |       |       |       |     1 ||     1
 Invoke: Ancestor Life: Kn |       |       |       |     1 |       |       |       |       |       ||     1
         Recall Ancestor   |       |       |       |     1 |     2 |     3 |     2 |     5 |     6 ||    19
Ability: Hop               |       |     1 |    13 |    12 |     7 |    11 |       |    17 |    26 ||    87
         Evoke Blink       |       |       |       |       |       |       |       |       |     5 ||     5
  Evoke: Wand              |       |       |     5 |     2 |       |     1 |       |       |     2 ||    10
         Phantom mirror    |       |       |       |       |       |     1 |     1 |       |       ||     2
         Lightning rod     |       |       |       |       |       |       |       |       |     1 ||     1
    Use: Scroll            |       |       |     4 |    19 |     7 |    13 |    10 |    15 |     6 ||    74
         Potion            |       |       |       |     2 |     5 |     3 |       |     7 |     4 ||    21
 Armour: Leather armour    |    37 |       |       |       |       |       |       |       |       ||    37
         Ring mail         |       |    36 |   141 |   221 |   171 |   236 |    77 |   137 |       ||  1019
         Skin              |       |       |       |       |       |       |       |     2 |       ||     2
         Shadow dragon sca |       |       |       |       |       |       |       |    13 |   420 ||   433
  Dodge: Dodged            |    50 |    26 |   194 |   329 |   368 |   343 |   140 |   306 |   836 ||  2592
  Block: Other             |       |       |       |       |     1 |    57 |    24 |    46 |    31 ||   159
         Reflection        |       |       |       |       |     1 |    15 |     4 |     7 |     5 ||    32
